[Event "*** Titled Tuesday Blitz"]
[Site "Chess.com"]
[Date "2018.06.05"]
[Round "2"]
[White "PulpanJ"]
[Black "vugarrasulov"]
[Result "1/2-1/2"]
[WhiteElo "2638"]
[BlackElo "2722"]
[TimeControl "180+2"]
[EndTime "13:25:17 PDT"]
[Termination "Game drawn by stalemate"]

1. Nf3 c5 2. c4 g6 3. Nc3 Bg7 4.
g3 Nc6 5. Bg2 e6 6. d4 cxd4 7.
Nb5 Nge7 8. Nfxd4 Nxd4 9. Nxd4 O-O 10. O-O d5 11. cxd5 Nxd5 12. e4 Nb6 13. Nb3 Bd7 14. Qe2 Qe8 15. Rd1 Bb5 16. Qe1 Nc4 17. Nd4 Rd8 18. Nxb5 Qxb5 19. Bf1 Rxd1 20. Qxd1 Qc6 21. Qb3 Rc8 22. Bxc4 Qxc4 23. Qxb7 h5 24. Be3 Rc7 25.
Qb8+ Rc8 26. Qb7 Rc7 27. Qb8+ Rc8 28. Qb7 Rd8 29. Rc1 Qxa2 30. Rc8 Rxc8 31. Qxc8+ Kh7 32. Qb7 Qxb2 33. Qxb2 Bxb2 34. Bxa7 e5 35. Be3 f5 36. f3 Kg7 37. Kg2 Kf6 38. h3 Bd4 39. Bd2 Ke6 40. g4 fxg4 41. fxg4 Kd6 42. gxh5 gxh5 43. Kh1 Kc5 44.
Be1 Kc4 45. Bg3 Kd3 46. Bh2 Kxe4 47. Bxe5 Bxe5 48. Kg2 Ke3 49. Kh1 h4 50. Kg2 Ke2 51. Kh1 Kf3 52. Kg1 Kg3 53. Kh1 Bf4 54. Kg1 Kxh3 55.
Kh1 Kg3 56. Kg1 h3 57. Kh1 h2 1/2-1/2

[Event "*** Titled Tuesday Blitz"]
[Site "Chess.com"]
[Date "2018.06.05"]
[Round "2"]
[White "Godzillator"]
[Black "PowerThinking2650"]
[Result "1-0"]
[WhiteElo "2243"]
[BlackElo "2337"]
[TimeControl "180+2"]
[EndTime "13:25:18 PDT"]
[Termination "Godzillator won by checkmate"]

1. d4 Nf6 2. c4 g6 3. Nc3 Bg7 4.
e4 d6 5. Be2 O-O 6. Bg5 Na6 7.
f4 c6 8. Qd2 Nc7 9. Bf3 h6 10.
Bh4 d5 11. cxd5 cxd5 12. e5 Nh7 13. Nge2 b5 14. a3 a5 15. O-O Bb7 16. Nc1 a4 17. Nd3 Ne6 18. Nb4 g5 19. fxg5 hxg5 20. Bg3 Nc7 21.
Rae1 e6 22. Be2 Qd7 23. Bd3 f5 24. exf6 Bxf6 25. Be5 Bxe5 26. Rxe5 Rxf1+ 27. Kxf1 Rf8+ 28. Kg1 Qf7 29. h3 Qf4 30. Qxf4 Rxf4 31. Ne2 Rf6 32. Bxh7+ Kxh7 33. Rxg5 Ne8 34. Nc3 Nd6 35. Nd3 Bc8 36. Ne5 Rf4 37. Rg4 Rf5 38. h4 Kh6 39. g3 Kh5 40. Rg8 Bb7 41. g4+ Kxh4 42. gxf5 Nxf5 43. Nf3+ Kh5 44. Ne2 Ne3 45. Nf4+ Kh6 46.
Ne5 Nd1 47. Nxe6 Nxb2 48. Rh8# 1-0

[Event "*** Titled Tuesday Blitz"]
[Site "Chess.com"]
[Date "2018.06.05"]
[Round "2"]
[White "LornerAcosta"]
[Black "pedromartinez91"]
[Result "1-0"]
[WhiteElo "2285"]
[BlackElo "2308"]
[TimeControl "180+2"]
[EndTime "13:25:23 PDT"]
[Termination "LornerAcosta won by resignation"]

1. d4 Nf6 2. Nf3 g6 3. Bg5 Ne4 4. Bf4 c5 5. e3 Bg7 6. Nbd2 Nxd2 7. Qxd2 cxd4 8. exd4 O-O 9. Be2 d5 10. O-O Nc6 11.
c3 Bg4 12. h3 Bxf3 13. Bxf3 e6 14. Rac1 Qa5 15. b3 Rfd8 16. Rfd1 Rac8 17. Qe2 b5 18. Be3 Ne7 19. g4 Rxc3 20. Rxc3 Qxc3 21. Rc1 Qa5 22. Rc5 a6 23. Bg5 Re8 24. Bxe7 Rxe7 25. Rc8+ Bf8 26. Qe5 Rd7 27. Qb8 Qa3 28. g5 Qd6 29. Qa8 Rc7 30.
Rd8 Qe7 31. h4 f6 32. Bg4 f5 33. Bf3 h6 34. gxh6 Rc1+ 35. Kg2 g5 36. h7+ Kxh7 37.
Rxf8 Qg7 38. Qe8 gxh4+ 39. Kh3 Rc3 40. Qh5+ Qh6 41. Rf7+ Kg8 42. Qxh6 Rxf3+ 43. Kxh4 1-0

[Event "*** Titled Tuesday Blitz"]
[Site "Chess.com"]
[Date "2018.06.05"]
[Round "2"]
[White "HanSchut"]
[Black "nochewycandy"]
[Result "1-0"]
[WhiteElo "2225"]
[BlackElo "2098"]
[TimeControl "180+2"]
[EndTime "13:25:23 PDT"]
[Termination "HanSchut won by checkmate"]

1. e4 g6 2. d4 Bg7 3. Nc3 d6 4. f4 a6 5. Nf3 b5 6. Bd3 Bb7 7. Qe2 Nd7 8. e5 Nh6 9. Be4 Bxe4 10. Nxe4 O-O 11. e6 Nb6 12. exf7+ Nxf7 13. Neg5 Qd7 14.
Ne6 Rfe8 15. O-O Bf6 16. c3 Nd8 17. f5 gxf5 18. Nxd8 Raxd8 19. Bg5 Bxg5 20. Nxg5 e5 21. dxe5 Rxe5 22. Qh5 Nd5 23. Nf3 Re7 24. Nh4 Ne3 25. Rf3 Qe6 26. Re1 f4 27. Qg5+ Kh8 28. Qxf4 Rde8 29.
g3 Qe5 30. Qxe5+ Rxe5 31. Rf7 c5 32. Rd7 d5 33. Rd6 R8e6 34. Rxe6 Rxe6 35. Ng2 d4 36.
cxd4 cxd4 37. Nxe3 dxe3 38. Kg2 Rc6 39. Kf3 Rc2 40.
Re2 Rc1 41. Kxe3 Kg7 42. Kf4 Rc6 43. h4 Kf6 44. g4 Rc4+ 45. Kf3 h6 46. Rd2 Ke6 47. b3 Rc1 48. Ke3 Rh1 49. h5 Rg1 50. Kf4 Rf1+ 51. Kg3 Re1 52. Kf3 Ke7 53. Re2+ Rxe2 54.
Kxe2 Kf6 55. b4 Kg5 56. Kf3 Kh4 57. Kf4 Kh3 58. Kf5 Kh4 59. Kg6 Kxg4 60. Kxh6 Kf4 61. Kg6 Ke4 62. h6 Kd4 63. h7 Kc4 64. h8=Q Kxb4 65.
Qb2+ Ka4 66. Qb3+ Ka5 67. Kf5 Kb6 68. Ke5 Kc5 69. Qc3+ Kb6 70. Kd5 a5 71. Kd6 a4 72.
Qb4 Ka6 73. Kc5 a3 74. Qxb5+ Ka7 75. Kc6 Ka8 76. Qb7# 1-0

[Event "*** Titled Tuesday Blitz"]
[Site "Chess.com"]
[Date "2018.06.05"]
[Round "2"]
[White "Aryangholami"]
[Black "BillieKimbah"]
[Result "0-1"]
[WhiteElo "2539"]
[BlackElo "2746"]
[TimeControl "180+2"]
[EndTime "13:25:24 PDT"]
[Termination "BillieKimbah won by checkmate"]

1. d4 Nf6 2. Nf3 d5 3. Bf4 Bf5 4. e3 e6 5. Be2 Nbd7 6. Ne5 Nxe5 7. dxe5 Nd7 8. Nd2 Be7 9. O-O O-O 10. c4 c6 11. cxd5 cxd5 12. Nf3 h6 13. Nd4 Bg6 14. Bh5 Bh7 15. Qg4 Kh8 16. Qh3 Bg5 17. Bg3 Nc5 18. f4 Be7 19. f5 exf5 20. Nxf5 Ne6 21. Nd6 Ng5 22. Qg4 g6 23. h4 gxh5 24. Qxh5 Bxd6 25.
hxg5 Bc5 26. Bf4 Qb6 27. Rf3 Qg6 28. Qh4 Be7 29. Rh3 Bxg5 30. Bxg5 Qxg5 31. Qd4 Rg8 32. Rh2 Rae8 33. e6+ f6 34. Rf1 Rxe6 35. Rf4 Be4 36. Rfh4 Rg6 37. Qc5 Re8 38. Rh5 Qg3 39. Qc3 Kg7 40.
R5h3 Qe5 41. Qb4 Rc8 42. Qxb7+ Rc7 43. Qb4 Rc1+ 44. Kf2 Rc2+ 45. Ke1 Rxb2 46. Qa5 Rb1+ 47. Kd2 Qb2# 0-1

[Event "*** Titled Tuesday Blitz"]
[Site "Chess.com"]
[Date "2018.06.05"]
[Round "2"]
[White "MateusViageiro"]
[Black "twitchTriniCupid"]
[Result "0-1"]
[WhiteElo "2174"]
[BlackElo "2263"]
[TimeControl "180+2"]
[EndTime "13:25:25 PDT"]
[Termination "twitchTriniCupid won by resignation"]

1. e4 c6 2. d4 d5 3. Nc3 dxe4 4.
Nxe4 Bf5 5. Ng3 Bg6 6. Nf3 Nd7 7.
h4 h6 8. h5 Bh7 9. Bd3 Bxd3 10.
Qxd3 e6 11. Bd2 Ngf6 12. O-O-O a5 13. Ne4 a4 14. a3 Be7 15. g3 Nxe4 16. Qxe4 Nf6 17. Qe2 Qd5 18. Kb1 b5 19. Rhe1 O-O 20. Ne5 Rfc8 21. g4 c5 22. dxc5 Qxc5 23. Bb4 Qc7 24.
Bxe7 Qxe7 25. Qxb5 Nd5 26. Ng6 Qc7 27. Rxd5 Qxc2+ 28. Ka1 Rcb8 29. Ne7+ Kh8 30. Qe2 Qxe2 31. Rxe2 exd5 32. Nxd5 Rd8 33. Nc3 Rd4 34. f3 Rf4 35. Re3 Rd8 36. Ka2 g6 37. hxg6 fxg6 38. Ne4 Rdf8 39. Nd2 Rd8 40. Ne4 h5 41. gxh5 gxh5 42. Nc5 Rdf8 43. Re5 R4f5 44. Nd7 Rxe5 45. Nxe5 Rf5 46. f4 Kg7 47. b4 Rxf4 48. Kb2 Re4 49. Nf3 Re3 50. Ng5 Kg6 0-1

[Event "*** Titled Tuesday Blitz"]
[Site "Chess.com"]
[Date "2018.06.05"]
[Round "2"]
[White "EmreDedebas"]
[Black "FancyPlaySyndrome"]
[Result "1-0"]
[WhiteElo "2372"]
[BlackElo "2412"]
[TimeControl "180+2"]
[EndTime "13:25:25 PDT"]
[Termination "EmreDedebas won by resignation"]

1. d4 g6 2. e4 Bg7 3. Nc3 d6 4. Nf3 a6 5. Be3 b5 6. Bd3 Bb7 7. a4 b4 8. Ne2 Nd7 9. Ng3 Ngf6 10. Qd2 c5 11. c3 bxc3 12. bxc3 Qc7 13. h3 O-O 14. O-O Rfc8 15. Rfc1 a5 16. Bf4 e5 17. Be3 Re8 18. d5 Bxd5 19. exd5 e4 20. Be2 exf3 21. Bxf3 Ne5 22. Be2 h5 23. Rab1 h4 24. Nf1 Ne4 25.
Qc2 f5 26. Bf4 c4 27. Qa2 Nd3 28. Bxd3 cxd3 29. Qa3 Qc4 30. Nd2 Qxd5 31. c4 Qe6 32. Qxd3 Rad8 33. Nxe4 Qxe4 34. Qd2 d5 35. c5 Qxa4 36.
c6 Qe4 37. c7 Rc8 38. Re1 Qc4 39. Rbc1 Qa6 40. Qxd5+ Kh7 41. Qf7 Rxe1+ 42. Rxe1 Qf6 43. Qd7 Qf8 44. Be5 Re8 45. Kf1 Re7 46. Bxg7 1-0

[Event "*** Titled Tuesday Blitz"]
[Site "Chess.com"]
[Date "2018.06.05"]
[Round "2"]
[White "GadimbayliA"]
[Black "FMJoseHerrera"]
[Result "1-0"]
[WhiteElo "2441"]
[BlackElo "2453"]
[TimeControl "180+2"]
[EndTime "13:25:26 PDT"]
[Termination "GadimbayliA won by checkmate"]

1. e4 c5 2. Nf3 e6 3. d4 cxd4 4. Nxd4 a6 5. Bd3 Qc7 6. O-O Nf6 7. Qe2 d6 8. c4 Nbd7 9. Nc3 Be7 10. f4 b6 11. Bd2 Bb7 12. Rae1 O-O 13. Kh1 Ne8 14. f5 e5 15. Nc2 Rc8 16. Ne3 Nef6 17. b4 h5 18. Rc1 Qb8 19. Be1 b5 20. cxb5 axb5 21.
Bxb5 Nb6 22. a4 Nxe4 23. Nxe4 Bxe4 24. Bg3 Bf6 25. Rxc8 Rxc8 26. Qxh5 Qa8 27. Rg1 Rc3 28. Bf2 Nd5 29. Nxd5 Qxd5 30. Qg4 Rc2 31. Be2 Qd2 32.
Qxe4 Qxe2 33. Qxe2 Rxe2 34. Bb6 Rb2 35. b5 e4 36. g3 d5 37. Rd1 Ra2 38. a5 d4 39.
Bxd4 Rxa5 40. Bxf6 gxf6 41. Rb1 Ra7 42. b6 Rb7 43.
Kg2 Kf8 44. Kf2 Ke7 45. Ke3 Kd6 46. Kxe4 Kc6 47. Kf4 Rb8 48. b7 Kc7 49. h4 Kd6 50.
h5 Ke7 51. h6 Kf8 52. Kg4 Kg8 53. Kh5 Kh7 54. Rb6 Kh8 55. g4 Kh7 56. Rxf6 Rxb7 57.
g5 Kg8 58. Rc6 Rb1 59. Rc8+ Kh7 60. g6+ fxg6+ 61. fxg6# 1-0

[Event "*** Titled Tuesday Blitz"]
[Site "Chess.com"]
[Date "2018.06.05"]
[Round "2"]
[White "guillembaches"]
[Black "Sameer555"]
[Result "0-1"]
[WhiteElo "2227"]
[BlackElo "2164"]
[TimeControl "180+2"]
[EndTime "13:25:26 PDT"]
[Termination "Sameer555 won on time"]

1. d4 Nf6 2. Bf4 c5 3. e3 cxd4 4. exd4 d5 5. c3 Nc6 6. Bd3 Bg4 7. Ne2 e6 8. O-O Be7 9. Nd2 O-O 10. Qc2 a6 11. Ng3 Rc8 12. h3 Nxd4 13. Qb1 Nc6 14. hxg4 Nxg4 15. Bxh7+ Kh8 16. Bd3 f5 17. Nf3 g5 18.
Bd2 Kg7 19. Re1 Bc5 20. Re2 Qd6 21. Nf1 f4 22. b4 Ba7 23. Nxg5 e5 24. Bf5 Nxf2 25.
Rxf2 Rce8 26. Bh3 e4 27. Qd1 Qg6 28. Qg4 Ne5 29. Ne6+ Rxe6 30. Qxe6 Nf3+ 31. Kh1 Qxe6 32. Bxe6 Rh8+ 33. Bh3 Bxf2 34. gxf3 Rxh3+ 35. Kg2 Rxf3 36. Rd1 Bb6 37. Be1 d4 38. cxd4 Ra3 39. d5 Rxa2+ 40. Rd2 Ra1 41. Bh4 f3+ 42. Kg3 Rxf1 43. d6 e3 44. Rc2 e2 45. Kg4 f2 0-1

[Event "*** Titled Tuesday Blitz"]
[Site "Chess.com"]
[Date "2018.06.05"]
[Round "2"]
[White "rubhani"]
[Black "evgenysharapov"]
[Result "1/2-1/2"]
[WhiteElo "2415"]
[BlackElo "2293"]
[TimeControl "180+2"]
[EndTime "13:25:27 PDT"]
[Termination "Game drawn by agreement"]

1. e4 c5 2. Nf3 d6 3. d4 cxd4 4.
Nxd4 Nf6 5. Nc3 Nc6 6. Bg5 Qb6 7.
Nb3 e6 8. Qd2 Be7 9. O-O-O O-O 10. f3 Rd8 11. Bd3 a6 12. g4 Qc7 13. Bxf6 Bxf6 14. g5 Be7 15. h4 b5 16. h5 b4 17.
Ne2 a5 18. Nbd4 Ne5 19. f4 Nxd3+ 20. Qxd3 Ba6 21. Qh3 Rac8 22. Rd2 a4 23. g6 Bxe2 24. gxf7+ Kxf7 25. Qxe6+ Kf8 26. Rxe2 a3 27. h6 g6 28. Qd5 axb2+ 29. Kb1 Qc4 30. Ne6+ Ke8 31. Qxc4 Rxc4 32. Nxd8 Bxd8 33. f5 g5 34. e5 dxe5 35. Rxe5+ Kf7 36. Rd5 Be7 37. Rd7 Re4 38. Kxb2 g4 39.
Rdd1 g3 40. Rhe1 Rxe1 41. Rxe1 Bc5 42. Re2 Bf2 43. Re4 g2 44. Rg4 g1=Q 45. Rxg1 Bxg1 46. Kb3 Bc5 47. c3 bxc3 48. Kxc3 Kf6 49. Kd3 Kxf5 50. Ke2 Kg4 51. Kf1 Kh3 52. a4 Bb4 53. Kg1 Bd2 54. Kh1 Bxh6 55. a5 Kg4 56. a6 Be3 57. a7 Bxa7 58. Kg2 h5 59. Kh1 Bb8 60.
Kg2 Kh4 61. Kh1 Kh3 62. Kg1 1/2-1/2

[Event "*** Titled Tuesday Blitz"]
[Site "Chess.com"]
[Date "2018.06.05"]
[Round "2"]
[White "MFBerna"]
[Black "MishkaFighter"]
[Result "1-0"]
[WhiteElo "2232"]
[BlackElo "2010"]
[TimeControl "180+2"]
[EndTime "13:25:29 PDT"]
[Termination "MFBerna won by checkmate"]

1. d4 Nf6 2. c4 c6 3. Nc3 d5 4. Nf3 dxc4 5. a4 Bf5 6. e3 e6 7. Bxc4 Bb4 8. O-O Nbd7 9. Ne2 O-O 10. Ng3 Bg6 11. Qe2 Qc7 12. e4 e5 13. Bg5 Bd6 14.
Rfe1 Rfe8 15. dxe5 Bxe5 16. Nxe5 Qxe5 17. Bxf6 Nxf6 18. f3 h5 19. Kh1 Rad8 20. Rad1 h4 21. Nf1 Nh5 22. Qf2 Qg5 23. Rxd8 Rxd8 24. Qxa7 Nf4 25. Qf2 Rd4 26. b3 b5 27. axb5 cxb5 28. Bxb5 Rd8 29. Bc4 Ra8 30. Ne3 Ra3 31. Nd5 Ne6 32. f4 Qg4 33. f5 Ng5 34. fxg6 h3 35.
gxf7+ Nxf7 36. Ne7+ Kh8 37. gxh3 Qxh3 38. Qxf7 Ra8 39. Ng6+ Kh7 40. Rg1 Ra7 41. Nf8+ Kh6 42. Qg6# 1-0

[Event "*** Titled Tuesday Blitz"]
[Site "Chess.com"]
[Date "2018.06.05"]
[Round "2"]
[White "Fins0905"]
[Black "wonderfultime"]
[Result "0-1"]
[WhiteElo "2594"]
[BlackElo "2855"]
[TimeControl "180+2"]
[EndTime "13:25:31 PDT"]
[Termination "wonderfultime won on time"]

1. d4 d5 2. c4 c6 3. cxd5 cxd5 4. Nf3 Nf6 5. Nc3 Nc6 6. Bf4 Bf5 7. e3 e6 8. Qb3 Bb4 9. Bb5 O-O 10. Bxc6 Bxc3+ 11. Qxc3 Rc8 12. Ne5 Ng4 13. Nxg4 Bxg4 14.
Qa3 Rxc6 15. O-O Qb6 16. h3 Bh5 17. Rfc1 Rfc8 18. b3 a6 19. Rxc6 Qxc6 20. Qb4 h6 21. Bd6 b6 22. Be5 Bg6 23. Kh2 a5 24. Qe7 Qc3 25.
Qd7 Rf8 26. Rg1 Qc2 27. Bd6 Rc8 28. a4 Be4 29. Bc5 Ra8 30. Qb7 Re8 31. Qd7 Ra8 32. Qb7 bxc5 33. Qxa8+ Kh7 34. Qxa5 cxd4 35. exd4 Qxf2 36. Qe1 Qxd4 37. Qg3 g5 38. Rf1 f5 39. Qc7+ Kg6 40. Qd6 Kf7 41. Rc1 Qf2 42. Rc7+ Kg6 43. Qxe6+ Kh5 44. Qf7+ Kh4 45. Rc2 Qxc2 0-1

[Event "*** Titled Tuesday Blitz"]
[Site "Chess.com"]
[Date "2018.06.05"]
[Round "2"]
[White "ChainsOfFantasia"]
[Black "Caterpiller35"]
[Result "0-1"]
[WhiteElo "2415"]
[BlackElo "2366"]
[TimeControl "180+2"]
[EndTime "13:25:31 PDT"]
[Termination "Caterpiller35 won by checkmate"]

1. d4 Nf6 2. c4 e6 3. Nf3 Bb4+ 4. Bd2 a5 5. g3 d6 6. Bg2 O-O 7. O-O Bxd2 8. Qxd2 Nbd7 9. Nc3 e5 10. e4 exd4 11.
Nxd4 Re8 12. Rfe1 Ne5 13. b3 Bg4 14. h3 c5 15. hxg4 cxd4 16. Qxd4 Nfxg4 17. Rad1 Qg5 18.
f4 Qh5 19. fxe5 Qh2+ 20. Kf1 dxe5 21. Qd3 Re6 22. Nd5 h5 23. Qf3 Raa6 24. Qf5 g6 25. Qg5 Rf6+ 26. Nxf6+ Rxf6+ 27. Qxf6 Nxf6 28. Rd3 h4 29. gxh4 Qxh4 30. a3 Ng4 31. Re2 Qg5 32. Rdd2 Ne3+ 33. Ke1 Qg3+ 34. Rf2 Nxg2+ 35. Kd1 Qxb3+ 36.
Kc1 Nf4 37. Rd8+ Kg7 38. Rfd2 Qxc4+ 39. Kb2 Qxe4 40. R8d7 b5 41. Rb7 b4 42. axb4 axb4 43.
Rbd7 Qc4 44. Rc2 Nd3+ 45. Kb1 Qb3+ 46. Ka1 Qxc2 47. Rxf7+ Kh6 48. Rh7+ Kg5 49. Rh5+ Kf4 50. Rf5+ Ke3 51. Rf3+ Kd2 52. Rf2+ Kc3 53. Rf4 Qb2# 0-1

[Event "*** Titled Tuesday Blitz"]
[Site "Chess.com"]
[Date "2018.06.05"]
[Round "2"]
[White "VovenRogel"]
[Black "dalmatinac101"]
[Result "0-1"]
[WhiteElo "2632"]
[BlackElo "2726"]
[TimeControl "180+2"]
[EndTime "13:25:33 PDT"]
[Termination "dalmatinac101 won by resignation"]

1. d4 Nf6 2. c4 g6 3. Nc3 Bg7 4. Nf3 d6 5. Bg5 h6 6. Bh4 c5 7.
e3 g5 8. Bg3 Nh5 9. dxc5 Nxg3 10. hxg3 dxc5 11. Qxd8+ Kxd8 12. O-O-O+ Nd7 13. Kc2 e6 14.
Ne4 Ke7 15. Nd6 Nf6 16. Nxc8+ Raxc8 17. Bd3 Ng4 18. Rd2 Rcd8 19. Nh2 Ne5 20. Rhd1 g4 21. Be2 Rxd2+ 22. Rxd2 h5 23. f4 Nc6 24. a3 f5 25.
Nf1 b6 26. Bd1 e5 27. Be2 Ke6 28. Rd1 exf4 29. gxf4 h4 30. Bd3 Bf6 31. Re1 h3 32.
gxh3 Rxh3 33. Re2 Bh4 34. Rh2 Rxh2+ 35. Nxh2 Bf2 36. Kd2 g3 37. Nf3 g2 38. Ke2 g1=Q 39.
Nxg1 Bxg1 40. Bc2 Na5 41. b3 Nc6 42. Kf3 Ne7 43. Bd3 Ng8 44. e4 fxe4+ 45. Bxe4 Nf6 46. Bc6 Bd4 47. Ke2 Bb2 48. a4 Bd4 49. Kf3 Bc3 50.
Bb7 Bd2 51. Bc8+ Ke7 52. Bf5 Nh5 53. Ke2 Bxf4 54. Bg6 Nf6 55. Kf3 Be5 56. Ke3 Kd6 57.
Kd3 Bd4 58. Bf5 Ke5 59. Bc8 Ne4 60. Bb7 Nf2+ 61. Kc2 Ba1 62. Bc6 Kd4 63. Be8 Nd3 64.
Kb1 Bc3 65. Kc2 Nb4+ 66. Kc1 Be1 67. Kd1 Bh4 68. Kd2 Bg5+ 0-1

[Event "*** Titled Tuesday Blitz"]
[Site "Chess.com"]
[Date "2018.06.05"]
[Round "2"]
[White "Divertissement"]
[Black "tigra"]
[Result "1/2-1/2"]
[WhiteElo "2536"]
[BlackElo "2714"]
[TimeControl "180+2"]
[EndTime "13:25:34 PDT"]
[Termination "Game drawn by repetition"]

1. d4 Nf6 2. Nf3 g6 3. Bg5 Ne4 4. Bf4 c5 5. e3 Bg7 6. Nbd2 d5 7. Bb5+ Bd7 8. Bxd7+ Nxd7 9. c3 cxd4 10. exd4 Nef6 11. O-O O-O 12. a4 Qa5 13. Re1 e6 14. h3 Nh5 15.
Bh2 Bh6 16. Ne5 Nxe5 17. Bxe5 Bf4 18. Nf3 Rfc8 19. Bxf4 Nxf4 20. Qd2 Nh5 21. Qh6 Qc7 22. Ng5 Nf6 23. Re3 Qe7 24. Rae1 Qf8 25. Qh4 Qg7 26. Rf3 Rf8 27. Rxf6 h6 28. Nf3 b5 29. axb5 Rab8 30.
Qf4 Rxb5 31. b4 a5 32. bxa5 Rxa5 33. Qe5 Ra3 34. Re3 Rfa8 35. Rf4 Ra1+ 36. Kh2 R8a2 37. Qxg7+ Kxg7 38. Ne5 Ra7 39. Ref3 f5 40. h4 g5 41.
hxg5 hxg5 42. Rg3 Kh6 43. Rh3+ Kg7 44. Rg3 Kf6 45. Ng4+ Kg6 46. Ne5+ Kf6 47. Ng4+ Kg6 48. Ne5+ Kf6 1/2-1/2

[Event "*** Titled Tuesday Blitz"]
[Site "Chess.com"]
[Date "2018.06.05"]
[Round "2"]
[White "chesstatour"]
[Black "Perecke"]
[Result "1-0"]
[WhiteElo "2055"]
[BlackElo "1957"]
[TimeControl "180+2"]
[EndTime "13:25:34 PDT"]
[Termination "chesstatour won on time"]

1. c4 e5 2. Nc3 Nf6 3. g3 Nc6 4. Bg2 Bc5 5. d3 d6 6. Nf3 h6 7. O-O O-O 8. a3 a5 9. Rb1 d5 10. cxd5 Nxd5 11. Qc2 Nxc3 12. bxc3 Bb6 13. Bb2 Re8 14.
e4 Be6 15. c4 Nd4 16. Bxd4 Bxd4 17. Rxb7 Qd6 18. Nxd4 exd4 19. c5 Qa6 20. Rxc7 Rab8 21.
Rb1 Rb5 22. a4 Rb4 23. e5 Reb8 24. Rxb4 Rxb4 25. h4 Bb3 26. Qe2 Rxa4 27. Rc6 Qa8 28. Rb6 Bd5 29. Qb2 Kh7 30. Bxd5 Qxd5 31. c6 Qxe5 32.
Rb5 Qc7 33. Rc5 Rb4 34. Qc2 a4 35. Kh2 a3 36. Qa2 Qa7 37. Rc2 Rb8 38. Rc4 Rc8 39.
Qa1 Qa6 40. Rxd4 Rxc6 41. Rg4 f6 42. Qb1 a2 43. Qa1 Rb6 44. d4 Rb1 45. Qc3 1-0

[Event "*** Titled Tuesday Blitz"]
[Site "Chess.com"]
[Date "2018.06.05"]
[Round "2"]
[White "DSCC1"]
[Black "krzysztofszczurek"]
[Result "1-0"]
[WhiteElo "2149"]
[BlackElo "2182"]
[TimeControl "180+2"]
[EndTime "13:25:35 PDT"]
[Termination "DSCC1 won on time"]

1. d4 Nf6 2. Nf3 g6 3. Bf4 Bg7 4. e3 O-O 5. Be2 d6 6. O-O Nbd7 7. c4 h6 8. h3 c5 9. Nc3 Nh7 10. Rc1 Kh8 11. Qd2 f5 12. a3 g5 13. Bh2 Nhf6 14. b4 cxd4 15. exd4 f4 16. d5 Ne5 17. Nxe5 dxe5 18.
f3 Bf5 19. Bd3 Qd7 20. Rfe1 Nh5 21. Bxf5 Qxf5 22. Ne4 Rad8 23. Qe2 Nf6 24. Nc5 Nd7 25. Ne6 Bf6 26. Qe4 Qxe4 27. Rxe4 Rc8 28. Nxf8 Nxf8 29.
Kf1 Nd7 30. c5 Kg7 31. Bg1 Nb8 32. Bf2 Kf7 33. Be1 Rd8 34. Rd1 e6 35. dxe6+ Kxe6 36. Rxd8 Bxd8 37. Bc3 Bc7 38. Ke2 Nd7 39. Kd3 Nf6 40.
Re2 Nd5 41. Bd2 Ne7 42. Ke4 Nc6 43. Bc3 Ne7 44. a4 Nf5 45. Be1 Nd4 46. Rb2 Nf5 47.
Bf2 Ne7 48. b5 Bb8 49. Rd2 1-0

[Event "*** Titled Tuesday Blitz"]
[Site "Chess.com"]
[Date "2018.06.05"]
[Round "2"]
[White "Rakhmanov_Aleksandr"]
[Black "AndreyOstrovskiy"]
[Result "0-1"]
[WhiteElo "2687"]
[BlackElo "2663"]
[TimeControl "180+2"]
[EndTime "13:25:36 PDT"]
[Termination "AndreyOstrovskiy won on time"]

1. c4 Nf6 2. Nc3 e6 3. e4 c5 4. Nf3 Nc6 5. Be2 a6 6. O-O Qb6 7. a3 d6 8. b4 Be7 9. Rb1 Qa7 10. b5 Nd4 11. b6 Qb8 12. a4 Bd7 13. a5 Bc6 14. d3 O-O 15. Be3 e5 16. Bg5 h6 17.
Bh4 Qd8 18. Bg3 Bd7 19. Nd2 Be6 20. f4 exf4 21. Bxf4 Nd7 22. Nf3 Nxf3+ 23. Bxf3 Bf6 24. Nd5 Bxd5 25. cxd5 Bd4+ 26. Kh1 Ne5 27. Bh5 Qd7 28. Qd2 Kh7 29. Bg3 Rae8 30. h3 Re7 31. Rf4 Ree8 32. Rbf1 Re7 33. Bh4 f6 34. Bxf6 gxf6 35. Rxf6 Rxf6 36.
Rxf6 Nf7 37. Rf5 Be5 38. h4 Nh8 39. g4 Rg7 40. g5 Qa4 41. Kg2 Qa1 42. Rf2 hxg5 43.
hxg5 Ng6 44. Bxg6+ Kxg6 45. Qe2 Rh7 46. Rf1 Rh2+ 47.
Kf3 Rxe2 48. Rxa1 Bxa1 49. Kxe2 Kxg5 50. Kf3 Bc3 0-1

[Event "*** Titled Tuesday Blitz"]
[Site "Chess.com"]
[Date "2018.06.05"]
[Round "2"]
[White "NMJeevanK"]
[Black "TheLancer"]
[Result "1-0"]
[WhiteElo "2312"]
[BlackElo "2531"]
[TimeControl "180+2"]
[EndTime "13:25:36 PDT"]
[Termination "NMJeevanK won by checkmate"]

1. e4 c5 2. Nf3 g6 3. d4 cxd4 4.
Nxd4 Bg7 5. Be3 Nc6 6. c3 Nf6 7. Bd3 O-O 8. Nd2 d5 9. Nxc6 bxc6 10. e5 Ng4 11. Bd4 Qc7 12. f4 c5 13. Bg1 f6 14.
Be2 Nh6 15. Nb3 d4 16. cxd4 cxd4 17. Qxd4 Be6 18. Rc1 fxe5 19. Qb4 Rab8 20. Qa3 Qd6 21. Bc5 Qd5 22. O-O Rxf4 23. Rxf4 exf4 24. Bc4 Qf5 25.
Qxa7 Re8 26. Qd7 Kf7 27. Bxe6+ Qxe6 28. Qd2 g5 29. Bd4 Nf5 30. Bxg7 Kxg7 31. Re1 Qf6 32. Nc5 e5 33. Ne4 Qb6+ 34. Kh1 Qd4 35. Qc2 Ne3 36.
Qc7+ Kg6 37. Qc6+ Kf5 38. Nd6+ Kg4 39. Nxe8 e4 40. Qe6+ Kh5 41. Nf6+ Kh4 42. Nxe4 Ng4 43. g3+ Kh5 44. Qf7+ Kh6 45. Qe6+ Kh5 46. Qe8+ Kh6 47.
Qf8+ Kh5 48. Nf6+ Nxf6 49. Qf7+ Kg4 50. Qe6+ Kf3 51. Qe2# 1-0

[Event "*** Titled Tuesday Blitz"]
[Site "Chess.com"]
[Date "2018.06.05"]
[Round "2"]
[White "TigranLPetrosyan"]
[Black "Shaman91"]
[Result "1/2-1/2"]
[WhiteElo "2814"]
[BlackElo "2568"]
[TimeControl "180+2"]
[EndTime "13:25:42 PDT"]
[Termination "Game drawn by repetition"]

1. Nf3 g6 2. g3 Bg7 3. Bg2 d6 4. O-O e5 5. c4 Nd7 6. Nc3 Ne7 7. d3 O-O 8. Bd2 f5 9. b4 Nf6 10. c5 h6 11. Qb3+ Kh7 12. cxd6 cxd6 13. Rac1 a6 14.
a4 g5 15. b5 axb5 16. Nxb5 Nc6 17. Bxg5 hxg5 18. Nxg5+ Kg6 19. Ne6 Bxe6 20. Qxe6 Rxa4 21.
e3 Re8 22. Qxd6 Bf8 23. Qxd8 Rxd8 24. Rfd1 Rb4 25. Nc7 Kf7 26. Bxc6 bxc6 27. Rxc6 Rb2 28. Ne6 Rdb8 29. Ng5+ Kg6 30. Nf3 Re8 31. Nh4+ Kf7 32. Nxf5 Ng4 33. Rf1 Rd8 34. h3 Nf6 35. Rd1 Ra8 36.
Rc7+ Ke6 37. g4 Raa2 38. Rf1 Nd5 39. Rc8 Bb4 40. d4 exd4 41. Nxd4+ Kd7 42. Rb8 Nxe3 43. Rxb4 Rxb4 44. fxe3 Rbb2 45. Nf3 Rg2+ 46. Kh1 Rg3 47.
Ng1 Rxe3 48. Rf3 Re1 49. Rg3 Ke7 50. Rg2 Ra3 51. Kh2 Kf6 52. Ne2 Kg5 53. Ng3 Ree3 54. Rg1 Ra2+ 55. Rg2 Raa3 56. Rg1 Ra2+ 57. Rg2 Raa3 1/2-1/2

[Event "*** Titled Tuesday Blitz"]
[Site "Chess.com"]
[Date "2018.06.05"]
[Round "2"]
[White "PaulfromSPb"]
[Black "Rish_97"]
[Result "1-0"]
[WhiteElo "2426"]
[BlackElo "2289"]
[TimeControl "180+2"]
[EndTime "13:25:45 PDT"]
[Termination "PaulfromSPb won by resignation"]

1. e4 e5 2. Nf3 Nc6 3. Bc4 Bc5 4. c3 Nf6 5. d3 d6 6. O-O O-O 7. Bb3 a5 8. Nbd2 Be6 9. Bc2 h6 10. h3 Qb8 11. Re1 Qa7 12. Qe2 b5 13. Nf1 b4 14.
Ng3 Rfe8 15. Nh4 d5 16. Nhf5 a4 17. Qf3 dxe4 18. dxe4 Nh7 19. Nh5 g6 20. Nxh6+ Kh8 21. Nf6 Rf8 22. Nhg4 Bxg4 23. hxg4 Bxf2+ 24. Qxf2 Qxf2+ 25. Kxf2 Nxf6 26. Rh1+ Kg8 27. Kf3 a3 28. Bb3 axb2 29. Bxb2 bxc3 30. Bxc3 Rad8 31. g5 Rd3+ 32. Ke2 Rxc3 33.
gxf6 Rd8 34. Rh8+ Kxh8 35. Bxf7 Rc2+ 36. Ke3 Rc3+ 37. Ke2 Rc2+ 38. Ke3 Rc3+ 39. Ke2 Nd4+ 40. Kf2 Rc2+ 41. Kg3 Ne2+ 42. Kg4 Ng3 43. Kxg3 Rd3+ 44.
Kh2 Rdd2 45. Rg1 Rf2 46. Bb3 Rce2 47. f7 Kg7 48. Kg3 Rf4 49. Rc1 Re3+ 50. Kh2 Rexe4 51. Rxc7 Re2 52. Rc8 Rff2 53. Rg8+ Kh7 54. Bd5 e4 55.
f8=Q Rxg2+ 56. Kh3 Rh2+ 57. Kg4 Reg2+ 58. Kf4 Rf2+ 59.
Kxe4 Rxf8 60. Rxf8 Rxa2 61. Bxa2 1-0